 Dungeon Crawl Stone Soup version 0.23-a0-650-ga4d50d4 (webtiles) character file.

61 4thArraOfDagon the Cudgeler (level 3, -4/27 HPs)
             Began as a Mummy Warper on Jan 2, 2019.
             Slain by a hobgoblin
             ... wielding a +0 club
              (5 damage)
             ... on level 2 of the Dungeon.
             The game lasted 00:01:56 (1200 turns).

4thArraOfDagon the Cudgeler (Mummy Warper)          Turns: 1200, Time: 00:01:56

Health: -4/27      AC:  8    Str: 14    XL:     3   Next: 83%
Magic:  7/7        EV:  9    Int: 13    God:
Gold:   66         SH:  0    Dex: 14    Spells: 7/7 levels left

rFire    x . .     SeeInvis .   a - +0 mace
rCold    + . .     Gourm    .   (no shield)
rNeg     + + +     Faith    .   i - +0 scale mail
rPois    ∞         Spirit   .   (no helmet)
rElec    .         Reflect  .   g - +0 cloak
rCorr    .         Harm     .   f - +0 pair of gloves
MR       .....                  (no boots)
Stlth    ..........             (no amulet)
HPRegen  0.09/turn              j - +3 ring of dexterity
MPRegen  0.10/turn              (no ring)

@: no status effects
A: no food or potions, fire vulnerability, cold resistance 1, negative energy
resistance 3, torment resistance, unbreathing
a: no special abilities


You were on level 2 of the Dungeon.
You were not hungry.

You visited 1 branch of the dungeon, and saw 2 of its levels.

You collected 66 gold pieces.

Inventory:

Hand Weapons
 a - a +0 mace (weapon)
Missiles
 e - a tomahawk of dispersal (quivered)
Armour
 b - a +0 leather armour
 f - a +0 pair of gloves (worn)
 g - a +0 cloak (worn)
 i - a +0 scale mail (worn)
Jewellery
 j - a +3 ring of dexterity (left hand)
Scrolls
 c - a scroll of teleportation {unknown}
 d - a scroll of blinking
 h - a scroll of magic mapping {unknown}
 k - a scroll of immolation {unknown}
 l - a scroll of random uselessness {unknown}


   Skills:
 - Level 2.0 Fighting
 * Level 3.4 Maces & Flails
 - Level 0.7 Throwing
 - Level 0.7 Armour
 - Level 1.5 Dodging
 - Level 2.6 Spellcasting
   Level 2.4 Translocations


You had 7 spell levels left.
You didn't know any spells.
Your spell library contained the following spells:

 Spells                   Type           Power        Failure   Level  Hunger
 Blink                    Tloc           N/A          50%         2    N/A
 Shroud of Golubria       Chrm/Tloc      #.........   67%         2    N/A
 Gell's Gravitas          Tloc           #.........   75%         3    N/A
 Lesser Beckoning         Tloc           #.........   75%         3    N/A
 Teleport Other           Tloc           #.......     75%         3    N/A
 Passage of Golubria      Tloc           N/A          98%         4    N/A

Dungeon Overview and Level Annotations

Branches:
Dungeon (2/15)

Altars:


Innate Abilities, Weirdness & Mutations

You do not eat or drink.
Your flesh is vulnerable to fire.
You are immune to poison.
Your flesh is cold resistant. (rC+)
You are immune to negative energy. (rN+++)
You are immune to unholy pain and torment.
You can survive without breathing.


Message History

Unknown command.
Throwing (i - inventory)
e - 3 tomahawks of dispersal (quivered)
Press: ? - help, Shift-Dir - straight line, f/p - worker ant
Aim: a worker ant (almost dead)
You throw a tomahawk of dispersal.
The tomahawk of dispersal hits the worker ant.
The worker ant blinks!
The hobgoblin misses you.
Unknown command.
You closely miss the hobgoblin. The hobgoblin hits you with a +0 club.
* * * LOW HITPOINT WARNING * * *
Unknown command.
Throwing (i - inventory)
e - 2 tomahawks of dispersal (quivered)
Press: ? - help, Shift-Dir - straight line, f/p - worker ant
Aim: a worker ant (almost dead)
You throw a tomahawk of dispersal.
The tomahawk of dispersal hits the worker ant.
The worker ant blinks!
You feel a bit more experienced.
The hobgoblin hits you but does no damage.
The hobgoblin hits you with a +0 club.
You die...

?######## .......@#
§.#####g#######
#.#... .# #######
#.#.###.# #......
#.......# #.#####
#.#.....# #.#
#.#.##..# #.#####
#####.....# #......
...........####..####


You could see a hobgoblin.

Vanquished Creatures
  A worker ant (D:2)
  An ooze (D:1)
  2 leopard geckos (D:1)
  6 bats (D:1)
  3 goblins (D:1)
  7 hobgoblins
  A ball python (D:1)
  A frilled lizard (D:1)
  6 kobolds
  3 rats
31 creatures vanquished.

Notes
Turn   | Place    | Note
-------+----------+-------------------------------------------
     0 | D:1      | 4thArraOfDagon the Mummy Warper began the quest for the
                  | Orb.
     0 | D:1      | Reached XP level 1. HP: 16/16 MP: 4/4
    13 | D:1      | Reached skill level 2 in Maces & Flails
   341 | D:1      | Reached XP level 2. HP: 14/22 MP: 5/5
   943 | D:1      | Reached XP level 3. HP: 11/27 MP: 7/7
   963 | D:1      | Reached skill level 3 in Maces & Flails
  1194 | D:2      | HP: 1/27 [worker ant (5)]
  1199 | D:2      | HP: 1/27 [hobgoblin/+0 club (1)]
  1200 | D:2      | Slain by a hobgoblin

Vault maps used:
D:1:      erik_arrival_cave_to_civilisation, st_stairs_4, dk_noncrumbling_2
D:2:      kennysheep_big_flooded_room

Skill      XL: |  1  2  3 |
---------------+----------+-----
Maces & Flails | 2 3 |  3.4
Fighting       | |  2.0
Throwing       | |  0.7
Armour         | |  0.7
Dodging        | |  1.5
Spellcasting   | |  2.6
Translocations | |  2.4

Action                   || total
-------------------------++-------
Melee: Mace              ||   110
Throw: Tomahawk          ||     4
Armor: Leather armour    ||    40
       Scale mail        ||    13
Dodge: Dodged            ||    86

Table legend:
 A = Non-vault XP
 B = Vault XP
 C = Vault XP percentage of total XP
 D = Non-vault monster count
 E = Vault monster count
 F = Vault count percentage of total count
                 A         B        C        D         E       F
            +---------+---------+-------+---------+---------+-------
      Total |      83 |       5 |   5.7 |      27 |       4 |  12.9
            +---------+---------+-------+---------+---------+-------
        D:1 |      43 |       2 |   4.4 |      22 |       2 |   8.3
        D:2 |      40 |       3 |   7.0 |       5 |       2 |  28.6
            +---------+---------+-------+---------+---------+-------
